 Dungeon Crawl Stone Soup version 0.31.0-1-g2c135a0 (webtiles) character file.

Game seed: 9001153724976883936

201 mezmerelda the Ruffian (level 5, 0/45 HPs)
             Began as a Troll Earth Elementalist on Feb 8, 2024.
             Was a Believer of Sif Muna.
             Slain by a gnoll
             ... wielding a +0 flail
             ... led by a gnoll bouda
              (7 damage)
             ... on level 4 of the Dungeon on Feb 9, 2024.
             The game lasted 00:13:34 (2367 turns).

mezmerelda the Ruffian (Troll Earth Elementalist)   Turns: 2367, Time: 00:13:34

Health: 0/45       AC:  8    Str: 16    XL:     5   Next: 50%
Magic:  8/8        EV:  9    Int: 13    God:    Sif Muna [**....]
Gold:   242        SH:  0    Dex: 10    Spells: 8/9 levels left

rFire   . .          .
                       - Unarmed
rCold   . . .        (no shield)
rNeg    . . .        a - +0 robe
rPois   .            (helmet restricted)
rElec   .            (no cloak)
rCorr   .            (gloves unavailable)
SInv    .            (boots unavailable)
Will    .....        (no amulet)
Stlth   +            p - +4 ring of protection
HPRegen 1.07/turn    (no ring)
MPRegen 0.11/turn

%: no passive effects
@: no status effects
A: large, unfitting armour, claws 3, regeneration 1, shaggy fur 1, tough skin 1
a: Renounce Religion, Channel Magic


You were on level 4 of the Dungeon.
You worshipped Sif Muna.
Sif Muna was pleased with you.
You visited 1 branch of the dungeon, and saw 4 of its levels.

You collected 242 gold pieces.

Inventory:

Hand Weapons
 m - a +0 whip of pain
Armour
 a - a +0 robe (worn)
Jewellery
 p - a +4 ring of protection (left claw)
Scrolls
 d - 2 scrolls of fog {unknown}
 e - 2 scrolls of identify {unknown}
 f - 2 scrolls of enchant weapon {unknown}
 g - a scroll of torment {unknown}
 h - a scroll of noise {unknown}
 j - a scroll of blinking {unknown}
 k - 3 scrolls of teleportation {unknown}
 r - a scroll of enchant armour {unknown}
 s - 2 scrolls of immolation {unknown}
 u - 2 scrolls of fear {unknown}
Potions
 b - a potion of magic
 c - 2 potions of cancellation {unknown}
 i - 3 potions of curing {unknown}
 l - a potion of resistance {unknown}
 n - 3 potions of degeneration {unknown}
 o - a potion of brilliance {unknown}
 q - a potion of enlightenment {unknown}
 t - a potion of attraction {unknown}


   Skills:
 - Level 1.5 Dodging
 - Level 1.0 Stealth
 - Level 3.6 Unarmed Combat
 + Level 2.7 Spellcasting
 - Level 0.6 Conjurations
 - Level 2.6 Earth Magic


You had 8 spell levels left.
You knew the following spells:

 Your Spells              Type           Power      Damage    Failure   Level
a - Sandblast             Erth           16%        2d6       8%          1

Your spell library contained the following spells:

 Spells                   Type           Power      Damage    Failure   Level
 Passwall                 Erth           8%         N/A       24%         3
 Ensorcelled Hibernation  Hex/Ice        2%         N/A       34%         2
 Stone Arrow              Conj/Erth      12%        3d7       36%         3
 Dazzling Flash           Conj/Hex       4%         N/A       54%         3
 Fugue of the Fallen      Necr           1%         N/A       56%         3
 Volatile Blastmotes      Fire/Tloc      2%         2d10      56%         3
 Brom's Barrelling Bould  Conj/Erth      6%         2d3       77%         4
 Petrify                  Alch/Erth      5%         N/A       80%         4
 Anguish                  Hex/Necr       0%         N/A       93%         4
 Manifold Assault         Tloc           1%         N/A       93%         4
 Dispersal                Tloc           0%         N/A       100%        6
 Starburst                Conj/Fire      1%         6d3       100%        6
 Disjunction              Tloc           0%         N/A       100%        8
 Maxwell's Capacitive Co  Air            0%         ∞         100%        8


Dungeon Overview and Level Annotations

Branches:
Dungeon (4/15)
 Temple: D:4-7

Altars:
Dithmenos
Fedhas
Sif Muna
Wu Jian

Annotations:
D:4 Sigmund


Innate Abilities, Weirdness & Mutations

You are too large for most types of armour.
You have claws for hands.
Your natural rate of healing is unusually fast.
You are covered in fur. (AC +1)
You have tough skin. (AC +1)


Message History

A gnoll comes into view. It is wielding a +0 whip.
A gnoll comes into view. It is wielding a +0 spear.
The gnoll moves out of view.
The gnoll bouda gazes fiercely through you!
You feel your attacks grow feeble.
The gnoll bouda gazes fiercely through you!
You feel as though you will be weak longer.
The gnoll bouda barks out a call to the hunt!
The gnoll attacks as it pursues you!
The gnoll hits you from afar with a +0 spear.
The gnoll is no longer moving quickly.
The gnoll attacks as it pursues you! The gnoll hits you but does no damage.
The gnoll bouda barks out a call to the hunt!
The gnoll picks up the pace!
The gnoll bouda gazes fiercely through you!
You feel as though you will be weak longer.
The gnoll hits you from afar with a +0 spear.
The gnoll hits you from afar with a +0 spear.
The gnoll attacks as it pursues you! The gnoll hits you with a +0 flail!
The gnoll attacks as it pursues you! The gnoll hits you but does no damage.
The gnoll attacks as it pursues you! The gnoll hits you with a +0 flail.
The gnoll attacks as it pursues you! The gnoll barely misses you. x2
The gnoll attacks as it pursues you! The gnoll barely misses you.
The gnoll attacks as it pursues you! The gnoll barely misses you.
The gnoll attacks as it pursues you!
The gnoll hits you from afar with a +0 spear.
Your attacks no longer feel as feeble.
The gnoll attacks as it pursues you! The gnoll hits you but does no damage.
The gnoll closely misses you. The gnoll hits you with a +0 flail!
The gnoll attacks as it pursues you!
The gnoll hits you from afar with a +0 spear.
The gnoll is no longer moving quickly.
The gnoll attacks as it pursues you! The gnoll hits you with a +0 flail.
* * * LOW HITPOINT WARNING * * *
The gnoll barely misses you. The gnoll attacks as it pursues you!
The gnoll hits you with a +0 flail!
* * * LOW HITPOINT WARNING * * *
The gnoll attacks as it pursues you! The gnoll hits you with a +0 flail!
You die...

#....########
##....#.......
#####........#...#
###...........###...
...........##..###..#
####.###.#.###..#).##
#.###....##..)..##
#.................
#@#....##.........
#g###.####..._...#
#.###..##.........
#g##.g............
#.g...g..##.....##
#######g###..#..##
#.##..###..#
#.gg..###...
###....#..#.


You could see 3 gnolls.

Vanquished Creatures
  An iguana (D:4)
  Robin (D:3)
  6 adders
  2 dart slugs
  2 ribbon worms
  5 orcs
  7 endoplasms
  4 giant cockroaches (D:1)
  8 goblins
  11 hobgoblins
  3 jackals (D:4)
  5 quokkas
  11 ball pythons
  11 bats
  2 frilled lizards (D:1)
  9 kobolds
  4 rats
92 creatures vanquished.

Notes
Turn   | Place    | Note
-------+----------+-------------------------------------------
     0 | D:1      | mezmerelda the Troll Earth Elementalist began the quest for
                  | the Orb.
     0 | D:1      | Reached XP level 1. HP: 16/16 MP: 1/1
    44 | D:1      | Reached skill level 1 in Unarmed Combat
    65 | D:1      | Reached XP level 2. HP: 24/24 MP: 2/2
   152 | D:1      | Found a large runed translucent door.
   152 | D:1      | Found a large runed translucent door.
   248 | D:1      | Reached skill level 2 in Unarmed Combat
   428 | D:3      | Found a shimmering blue altar of Sif Muna.
   435 | D:3      | Became a worshipper of Sif Muna the Loreminder
   448 | D:3      | Found a blossoming altar of Fedhas.
   648 | D:1      | Reached XP level 3. HP: 30/31 MP: 3/3
   815 | D:1      | Reached skill level 3 in Unarmed Combat
   844 | D:1      | Reached * piety under Sif Muna
   896 | D:2      | Identified the +9 short sword of Yroqado {flame, +Blink}
  1253 | D:2      | Reached XP level 4. HP: 39/39 MP: 4/4
  1424 | D:3      | Noticed Robin
  1445 | D:3      | Killed Robin
  1581 | D:3      | Reached XP level 5. HP: 45/45 MP: 7/7
  1766 | D:3      | Reached ** piety under Sif Muna
  1982 | D:3      | Found an ornate altar of the Wu Jian Council.
  2208 | D:4      | Found a shadowy altar of Dithmenos.
  2285 | D:4      | Noticed Sigmund
  2367 | D:4      | Slain by a gnoll

Illustrated notes

Levels and vault maps discovered:
D:1:      erik_arrival_cave_to_civilisation [erik_arrival_cave_to_temple],
          layout_basic
D:2:      layout_loops_ring
D:3:      layout_loops_ring, nzn_wu_jian_council_hall,
          mainiacjoe_overflow_catch_the_wave, nicolae_half_adder, uniq_robin
D:4:      layout_loops_ring, nicolae_dithmenos_shadow_blocks,
          nemelex_spade_bored_becter, chequers_garden,
          hangedman_decor_clover_reticule, uniq_duvessa, uniq_sigmund

Skill      XL: |  1  2  3  4 |
---------------+-------------+-----
Unarmed Combat | 1 2 3 |  3.6
Spellcasting   | 2 |  2.7
Dodging        | |  1.5
Stealth        | |  1.0
Conjurations   | |  0.6
Earth Magic    | |  2.6

Action                     |  1- 3 |  4- 6 || total
---------------------------+-------+-------++-------
  Melee: Unarmed           |   130 |   126 ||   256
         Punch             |     3 |     3 ||     6
   Cast: Sandblast         |       |     3 ||     3
   Stab: Sleeping          |     1 |     1 ||     2
 Armour: Robe              |    97 |   104 ||   201
  Dodge: Dodged            |    56 |    61 ||   117
